 Dungeon Crawl Stone Soup version 0.32-a0-520-g344ed53f66 (webtiles) character file.

Game seed: 15492262479415885048

6151 Pooter the Cleaver (level 10, -1/91 HPs)
             Began as a Minotaur Berserker on Feb 28, 2024.
             Was a Priest of Trog.
             Shot with an arrow by a centaur (3 damage)
             ... on level 7 of the Dungeon.
             The game lasted 00:46:52 (9216 turns).

Pooter the Cleaver (Minotaur Berserker)             Turns: 9216, Time: 00:46:52

Health: -1/91      AC:  9    Str: 26    XL:     10   Next: 59%
Magic:  9/9        EV: 11    Int:  4    God:    Trog [***...]
Gold:   138        SH:  0    Dex: 10    Spells: 9/9 levels left

rFire   . . .        b - -2 longbow
rCold   + . .        (shield currently unavailable)
rNeg    . . .        U - quicksilver dragon scales
rPois   .            (helmet restricted)
rElec   .            (no cloak)
rCorr   .            (no gloves)
SInv    .            (no boots)
Will    +....        (no amulet) Stlth
                     I - ring of protection from cold
HPRegen 0.35/turn    (no ring)
MPRegen 0.11/turn

%: no passive effects
@: no status effects
A: horns 2, retaliatory headbutt
a: Renounce Religion, Berserk, Trog's Hand


You were on level 7 of the Dungeon.
You worshipped Trog.
Trog was most pleased with you.
You visited 1 branch of the dungeon, and saw 7 of its levels.
You also visited: Sewer and Bailey.

You collected 477 gold pieces.
You spent 339 gold pieces at shops.

Inventory:

Hand Weapons
 a - a +5 battleaxe of freezing
   (You took it off a wight on level 7 of the Dungeon)
 b - a -2 longbow (weapon)
   (You bought it in a shop on level 5 of the Dungeon)
 v - a +0 trident
   (You took it off an orc on level 3 of the Dungeon)
 w - a +0 halberd
   (You took it off a gnoll on level 2 of the Dungeon)
 y - a +1 whip of flaming
   (You took it off Pikel on level 4 of the Dungeon)
 B - a -2 executioner's axe
   (You bought it in a shop on level 5 of the Dungeon)
 C - a -2 eveningstar
   (You bought it in a shop on level 5 of the Dungeon)
 D - a -1 triple crossbow
   (You bought it in a shop on level 5 of the Dungeon)
 E - a +0 sling
   (You found it on level 2 of the Dungeon)
 O - a +0 battleaxe
   (You took it off a wight on level 7 of the Dungeon)
 P - a +2 war axe of electrocution
   (You took it off an orc on level 3 of the Dungeon)
Missiles
 s - 3 boomerangs
 H - 14 poisoned darts
 Q - 38 stones
Armour
 f - a +0 plate armour
   (You took it off a kobold on level 6 of the Dungeon)
 n - a +0 pair of gloves
   (You found it on level 2 of the Dungeon)
 t - a +0 cloak
   (You took it off Maurice on level 7 of the Dungeon)
 M - a +3 scale mail of willpower
   (You took it off Duvessa on level 5 of the Dungeon)
 U - quicksilver dragon scales (worn)
   (You found it in a bailey)
 X - a +2 pair of gloves
   (You bought it in a shop on level 5 of the Dungeon)
Jewellery
 I - a ring of protection from cold (left hand)
   (You found it on level 3 of the Dungeon)
 S - an amulet of magic regeneration
   (You took it off an orc on level 3 of the Dungeon)
Wands
 r - a wand of roots (8)
   (You found it on level 3 of the Dungeon)
 R - a wand of mindburst (8)
   (You took it off Maurice on level 7 of the Dungeon)
Scrolls
 c - 2 scrolls of fear {unknown}
 d - 2 scrolls of enchant armour
 i - a scroll of torment {unknown}
 j - 2 scrolls of vulnerability {!r}
 k - 5 scrolls of fog
 l - 2 scrolls of revelation
 m - a scroll of silence
 o - a scroll of butterflies {unknown}
 q - 2 scrolls of blinking
 L - 2 scrolls of acquirement {unknown}
 N - a scroll of immolation {unknown}
 T - 2 scrolls of teleportation {unknown}
 V - a scroll of brand weapon {unknown}
Potions
 e - 2 potions of berserk rage {unknown}
 g - 2 potions of invisibility
 h - a potion of enlightenment {unknown}
 p - 5 potions of heal wounds {@q2}
 u - 2 potions of might {unknown}
 x - 2 potions of haste {@q3}
 z - 2 potions of brilliance {unknown}
 A - 2 potions of ambrosia {unknown}
 F - 2 potions of attraction {unknown}
 G - 2 potions of mutation {unknown}
 J - 2 potions of curing {unknown}
 K - 2 potions of cancellation {unknown}
 W - 3 potions of lignification {unknown}


   Skills:
 + Level 9.4 Fighting
 * Level 12.6 Axes
 * Level 10.2 Throwing
 - Level 2.4 Armour
 - Level 2.1 Dodging


You had 9 spell levels left.
You didn't know any spells.
Your spell library was empty.

Dungeon Overview and Level Annotations

Branches:
Dungeon (7/15) Zot: 25744  Temple (0/1) D:6           Sewer (visited)
 Bailey (visited)

Altars:
Nemelex Xobeh

Shops:
D:4 [   D:5 *[


Innate Abilities, Weirdness & Mutations

You have a pair of horns on your head.
You reflexively headbutt those who attack you in melee.


Message History

The centaur shoots an arrow.
The arrow completely misses you.
The centaur shoots an arrow.
The arrow misses you.
The centaur shoots an arrow.
The arrow barely misses you.
The centaur shoots an arrow.
The arrow closely misses you.
Fire: b) -2 longbow
Press: ? - help, Q - select action, (/) - cycle Shift-Dir - straight line, f/p - centaur
Aim: a centaur, wielding a +0 orcbow (severely wounded, 67% to hit)
You shoot an arrow. The arrow barely misses the centaur.
The centaur shoots an arrow.
The arrow misses you.
The centaur shoots an arrow.
The arrow closely misses you.
The centaur shoots an arrow.
The arrow hits you.
The centaur shoots an arrow.
The arrow hits you.
* * * LOW HITPOINT WARNING * * *
The centaur shoots an arrow.
The arrow hits you.
* * * LOW HITPOINT WARNING * * *
Fire: b) -2 longbow
Press: ? - help, Q - select action, (/) - cycle Shift-Dir - straight line, f/p - centaur
Aim: a centaur, wielding a +0 orcbow (severely wounded, 67% to hit)
You shoot an arrow. The arrow hits the centaur.
The centaur shoots an arrow.
The arrow hits you.
* * * LOW HITPOINT WARNING * * *
The centaur shoots an arrow.
The arrow hits you!
* * * LOW HITPOINT WARNING * * *
The centaur shoots an arrow.
The arrow hits you but does no damage.
Fire: b) -2 longbow
Press: ? - help, Q - select action, (/) - cycle Shift-Dir - straight line, f/p - centaur
Aim: a centaur, wielding a +0 orcbow (almost dead, 67% to hit)
You shoot an arrow.
The arrow completely misses the centaur.
Your skin stops crawling.
You feel less strong-willed.
The centaur shoots an arrow.
The arrow hits you but does no damage.
The centaur shoots an arrow.
The arrow hits you but does no damage.
The centaur shoots an arrow.
The arrow barely misses you.
The centaur shoots an arrow.
The arrow hits you.
* * * LOW HITPOINT WARNING * * *
The centaur shoots an arrow.
The arrow completely misses you.
Fire: b) -2 longbow
Press: ? - help, Q - select action, (/) - cycle Shift-Dir - straight line, f/p - centaur
Aim: a centaur, wielding a +0 orcbow (almost dead, 67% to hit)
You shoot an arrow. The arrow hits the centaur!
You kill the centaur!
Trog accepts your kill.
The centaur shoots an arrow.
The arrow hits you.
* * * LOW HITPOINT WARNING * * *
The centaur shoots an arrow.
The arrow hits you.
* * * LOW HITPOINT WARNING * * *
The centaur wields a +0 orcbow.
The centaur shoots an arrow.
The arrow hits you!
* * * LOW HITPOINT WARNING * * *
The centaur shoots an arrow.
The arrow hits you.
You die...

≈≈≈≈≈≈≈≈≈≈......≈≈≈≈≈≈......#..##
≈≈≈≈≈≈≈≈≈≈≈≈cc≈≈≈≈≈≈≈≈........##.
≈≈≈≈≈≈≈≈≈≈≈≈≈≈≈≈≈≈≈≈≈##..........
...≈≈≈≈≈≈≈≈≈≈≈≈≈≈≈..###..........
...#...≈≈≈≈≈≈≈≈.....##...........
##.#*#..≈≈≈≈........##...........
##.###........$.....#............
....####.............#....<......
......#.........@.........##.....
..........................#......
....###..#..####.................
....#*#.###.## #.................
........###..###.[...............
.......###.....#.[.......#.......
.......>.##....[.[......##.......
..........#....#)÷.......>.......
............[..##............##..


You could see 2 centaurs.

Vanquished Creatures
  A two-headed ogre (Bailey)
  Pikel (D:4)
  Maurice (D:7)
  Grinder (D:3)
  3 spriggans (Bailey)
  A wraith (D:5)
  A steam dragon (Bailey)
  Duvessa (D:5)
  A water moccasin (D:6)
  2 sky beasts
  7 ogres
  A lemure (D:4)
  5 centaurs
  2 phantoms
  A kobold brigand (D:6)
  7 bullfrogs
  4 scorpions
  5 wights (D:7)
  Dowan (D:5)
  4 killer bees
  A howler monkey (D:5)
  2 bombardier beetles
  2 hounds (D:5)
  3 orc priests
  4 jellies
  Jessica (D:3)
  7 orc wizards
  5 iguanas
  Natasha (twice) (D:3)
  16 adders
  7 gnolls (D:2)
  5 river rats (Sewer)
  A shadow imp (D:6)
  A white imp (D:5)
  5 dart slugs
  4 ribbon worms
  21 orcs
  6 endoplasms
  7 giant cockroaches
  12 goblins
  4 hobgoblins (D:4)
  2 quokkas (D:3)
  17 ball pythons
  4 bats
  9 frilled lizards
  8 kobolds
  17 rats
223 creatures vanquished.

Vanquished Creatures (others)
  An orc wizard (D:6)
1 creature vanquished.

Grand Total: 224 creatures vanquished

Notes
Turn   | Place    | Note
-------+----------+-------------------------------------------
     0 | D:1      | Pooter the Minotaur Berserker began the quest for the Orb.
     0 | D:1      | Reached XP level 1. HP: 19/19 MP: 0/0
   135 | D:1      | Found a faded altar of an unknown god.
   214 | D:1      | Reached XP level 2. HP: 24/27 MP: 1/1
   338 | D:1      | Reached skill level 4 in Axes
   338 | D:1      | Reached skill level 1 in Throwing
   945 | D:2      | Reached XP level 3. HP: 33/33 MP: 2/2
  1102 | D:2      | Reached XP level 4. HP: 40/40 MP: 3/3
  1267 | D:2      | Noticed a phantom
  1279 | D:2      | Killed a phantom
  1280 | D:2      | Reached skill level 5 in Axes
  1280 | D:2      | Reached XP level 5. HP: 45/47 MP: 4/4
  2065 | D:3      | Noticed Grinder
  2080 | D:3      | Killed Grinder
  2081 | D:3      | Reached skill level 5 in Fighting
  2081 | D:3      | Reached skill level 6 in Axes
  2081 | D:3      | Reached XP level 6. HP: 56/56 MP: 5/5
  2252 | D:3      | Noticed Natasha
  2256 | D:3      | Killed Natasha
  2745 | D:3      | Found a sparkling altar of Nemelex Xobeh.
  2765 | D:3      | Noticed Natasha
  2770 | D:3      | Killed Natasha
  2770 | D:3      | Reached ** piety under Trog
  2771 | D:3      | Reached XP level 7. HP: 59/61 MP: 6/6
  2964 | D:3      | Noticed Jessica
  2973 | D:3      | Killed Jessica
  3294 | D:4      | Noticed Pikel
  3337 | D:4      | Killed Pikel
  3338 | D:4      | Reached skill level 8 in Axes
  3338 | D:4      | Reached skill level 5 in Throwing
  3338 | D:4      | Reached XP level 8. HP: 23/70 MP: 7/7
  3679 | D:4      | Found Iradau's Antique Armour Shop.
  4188 | D:5      | Entered Level 5 of the Dungeon
  4202 | D:5      | Found Ogihaces's Lightly-Used Armoury.
  4210 | D:5      | Bought a -3 executioner's axe for 1 gold piece
  4210 | D:5      | Bought a -2 eveningstar for 75 gold pieces
  4210 | D:5      | Bought a -1 triple crossbow for 75 gold pieces
  4210 | D:5      | Bought a -2 longbow for 1 gold piece
  4238 | D:5      | Found a glowing drain.
  4257 | Sewer    | Entered a sewer
  4732 | Sewer    | Reached *** piety under Trog
  5032 | D:5      | Reached skill level 9 in Axes
  5113 | D:5      | Found Dinaq's Antique Armour Shop.
  5155 | D:5      | Noticed Duvessa
  5155 | D:5      | Noticed Dowan
  5162 | D:5      | Killed Dowan
  5163 | D:5      | Reached XP level 9. HP: 78/79 MP: 8/8
  5168 | D:5      | Killed Duvessa
  5651 | D:5      | Reached skill level 10 in Axes
  6142 | D:6      | Found a staircase to the Ecumenical Temple.
  6995 | D:7      | Reached skill level 11 in Axes
  7004 | D:7      | Found a flagged portal.
  7018 | D:7      | Noticed Maurice
  7024 | D:7      | Something stole 256 gold
  7024 | D:7      | Something stole a +2 war axe of electrocution
  7025 | D:7      | Something stole an amulet of magic regeneration
  7033 | D:7      | Something stole 3 boomerangs
  7040 | D:7      | Killed Maurice
  7041 | D:7      | Reached XP level 10. HP: 27/90 MP: 1/9
  7164 | Bailey   | Entered a bailey
  7274 | Bailey   | Noticed a two-headed ogre
  7285 | Bailey   | Killed a two-headed ogre
  7286 | Bailey   | Reached skill level 12 in Axes
  8370 | D:5      | Bought a pair of glowing gloves for 187 gold pieces
  8427 | D:6      | Reached skill level 10 in Throwing
  9216 | D:7      | HP: 2/91 [centaur/arrow (16)]
  9216 | D:7      | Shot with an arrow by a centaur

Illustrated notes

Levels and vault maps discovered:
D:1:      evilmike_arrival_rings, layout_rooms,
          hellmonk_ecumenical_altar_pennies_from_heaven, nrook_loot_triangle
D:2:      layout_loops_ring, amcnicky_mini_pool_small,
          nicolae_twisty_statue_hallways
D:3:      minmay_chambers_of_twos, layout_loops_corners,
          nemelex_dance_club_becter, minmay_starry_boxes, uniq_natasha,
          uniq_grinder, uniq_jessica
D:4:      layout_loops_ring, serial_shops, shop, nicolae_the_louvre, uniq_pikel
D:5:      layout_loops_corners, cheibrodos_sewer_entry_drain, serial_shops,
          shop, small_statue_intersection, minmay_splitting_lines,
          minmay_shop_damaged, minmay_manual_monstrance, uniq_duvessa
D:6:      layout_loops_ring, temple_fountains, grunt_decor_mini_mirrors
D:7:      layout_cave_pools, enter_bailey_5, centaur_isle, uniq_maurice

Skill      XL: |  1  2  3  4  5  6  7  8  9 10 |
---------------+-------------------------------+-----
Axes           | 4 5 6 8 9 11 12 | 12.6
Throwing       | 1 2 3 4 5 7 9 10 | 10.2
Fighting       | 4 5 6 7 8 9 |  9.4
Armour         | |  2.4
Dodging        | |  2.1

Action                     |  1- 3 |  4- 6 |  7- 9 | 10-12 || total
---------------------------+-------+-------+-------+-------++-------
  Melee: Hand axe          |    37 |       |       |       ||    37
         Headbutt          |     6 |     8 |    37 |     5 ||    56
         Halberd           |     6 |    78 |       |       ||    84
         War axe           |       |     5 |   205 |       ||   210
         Battleaxe         |       |       |    15 |    40 ||    55
   Fire: Sling             |       |     4 |    34 |       ||    38
         Longbow           |       |       |    58 |    59 ||   117
  Throw: Stone             |     7 |       |       |       ||     7
         Throwing net      |     1 |       |       |       ||     1
         Boomerang         |       |     3 |       |       ||     3
         Dart              |       |       |     5 |       ||     5
 Invoke: Berserk           |     3 |     3 |     6 |       ||    12
         Trog's Hand       |       |       |     6 |     8 ||    14
  Evoke: Wand              |       |       |     5 |       ||     5
    Use: Scroll            |     2 |     3 |    10 |       ||    15
         Potion            |       |       |     1 |       ||     1
 Armour: Animal skin       |     6 |       |       |       ||     6
         Chain mail        |    25 |    73 |   171 |       ||   269
         Scale mail        |       |       |    84 |    32 ||   116
         Quicksilver drago |       |       |       |    86 ||    86
  Dodge: Dodged            |    17 |    38 |   114 |    88 ||   257
         Repelled          |       |       |     4 |       ||     4

Table legend: (Time is in decaauts)
 A = Elapsed time spent in this place.
 B = Non-inter-level travel time spent in this place.
 C = Inter-level travel time spent in this place.
 D = Time resting spent in this place.
 E = Time spent auto-exploring this place.
 F = Levels seen in this place.
 G = Mean time per level.
                   A        B        C        D        E       F      G
               +--------+--------+--------+--------+--------+-----+--------+
         Total |   9557 |   9242 |    315 |   3143 |   4163 |   9 | 1061.9 |
       Dungeon |   7629 |   7314 |    315 |   1894 |   3969 |   7 | 1089.9 |
         Sewer |    844 |    844 |      0 |    414 |    181 |   1 |  844.0 |
        Bailey |   1083 |   1083 |      0 |    835 |     12 |   1 | 1083.0 |
               +--------+--------+--------+--------+--------+-----+--------+

Top non-repeatable levels by time:
     D:3: 1353 daAuts
     D:2: 1147 daAuts
     D:5: 1140 daAuts
     D:7: 1106 daAuts
  Bailey: 1083 daAuts
     D:6: 1066 daAuts
     D:4: 958 daAuts
     D:1: 856 daAuts
   Sewer: 844 daAuts
